 Dungeon Crawl Stone Soup version 0.30-a0-292-g0f741e3f8e (webtiles) character file.

Game seed: 3852979491905553135

7 jlumianski the Chopper (level 1, -6/16 HPs)
             Began as a Demonspawn Gladiator on Oct 17, 2022.
             Mangled by a gnoll
             ... wielding a +0 flail
              (8 damage)
             ... on level 1 of the Dungeon.
             The game lasted 00:00:34 (130 turns).

jlumianski the Chopper (Demonspawn Gladiator)        Turns: 130, Time: 00:00:35

Health: -6/16      AC:  4    Str: 14    XL:     1   Next: 83%
Magic:  1/1        EV: 12    Int:  9    God:
Gold:   5          SH:  0    Dex: 14    Spells: 0/0 levels left

rFire   . . .      SeeInvis .    a - +0 war axe
rCold   . . .      Faith    .    (no shield)
rNeg    . . .      Spirit   .    b - +0 leather armour
rPois   .          Reflect  .    c - +0 helmet
rElec   .          Harm     .    (no cloak)
rCorr   .          Rampage  .    (no gloves)
Will    .....                    (no boots)
Stlth   +.........               (no amulet)
HPRegen 0.22/turn                (no ring)
MPRegen 0.07/turn                (no ring)

@: no status effects
A: no striking features
a: no special abilities


You were on level 1 of the Dungeon.
You visited 1 branch of the dungeon, and saw 2 of its levels.

You collected 5 gold pieces.

Inventory:

Hand Weapons
 a - a +0 war axe (weapon)
Missiles
 d - 3 throwing nets (quivered)
 e - a javelin
Armour
 b - a +0 leather armour (worn)
 c - a +0 helmet (worn)
Potions
 f - a potion of cancellation {unknown}


   Skills:
 + Level 2.0 Fighting
 + Level 3.0 Axes
 + Level 1.8 Throwing
 + Level 2.8 Dodging


You couldn't memorise any spells.
You didn't know any spells.
Your spell library was empty.

Dungeon Overview and Level Annotations

Branches:
Dungeon (2/15)

Altars:


Message History

You kill the dart slug!
Your Axes skill increases to level 3!
You see here a hobgoblin corpse.
You start resting.
HP restored.
You now have 5 gold pieces.
There is a stone staircase leading down here.
You climb downwards.
The gnoll shouts! x2
There is a stone staircase leading up here.
The gnoll barely misses you.
You climb upwards.
There is a stone staircase leading down here.
You barely miss the gnoll. You punch the gnoll.
The gnoll is lightly wounded.
The gnoll closely misses you.
You hit the gnoll but do no damage.
The gnoll is lightly wounded.
The gnoll hits you with a +0 flail.
You closely miss the gnoll.
The gnoll is lightly wounded.
The gnoll completely misses you. The gnoll hits you with a +0 flail.
You closely miss the gnoll.
The gnoll is lightly wounded.
The gnoll barely misses you.
You barely miss the gnoll.
The gnoll is lightly wounded.
The gnoll closely misses you.
You closely miss the gnoll.
The gnoll is lightly wounded.
The gnoll barely misses you. The gnoll hits you with a +0 flail.
* * * LOW HITPOINT WARNING * * *
You hit the gnoll.
The gnoll is lightly wounded.
The gnoll barely misses you.
You slash the gnoll!
The gnoll is severely wounded.
The gnoll hits you with a +0 flail!
Ouch! That really hurt!
You die...

###.### #p#.#x#. ..
###.###...... .
#d#.#p#...##.#
...###'###...##.# ..#
....S#.#####..#.###.#
..
........(##......##.#
..
.....###..#......##.#
##. #..#.
#.!..^#..@##.# .. #.
#.....#...#..g##.##.# .
...#..)#.##..#..#..#.#
# . #.##).............#
.#
#......#..####....#..#
....#...#...###.#..#.##
.#..
#.##..#..##......##..
#.
#.....##†............ .
...#.####........###..


You could see a gnoll.

Vanquished Creatures
  A dart slug (D:1)
  A ball python (D:1)
  An endoplasm (D:1)
  A hobgoblin (D:1)
4 creatures vanquished.

Notes
Turn   | Place    | Note
-------+----------+-------------------------------------------
     0 | D:1      | jlumianski the Demonspawn Gladiator began the quest for the
                  | Orb.
     0 | D:1      | Reached XP level 1. HP: 16/16 MP: 1/1
     2 | D:1      | Noticed a draconian
     2 | D:1      | Noticed an armataur
     4 | D:1      | Noticed a vampire
     4 | D:1      | Noticed an octopode
     6 | D:1      | Noticed a felid
     6 | D:1      | Noticed a gargoyle
     8 | D:1      | Noticed a demonspawn
    10 | D:1      | Noticed a meteoran
    10 | D:1      | Noticed a spriggan
    13 | D:1      | Noticed a ghoul
    15 | D:1      | Noticed an elf
    15 | D:1      | Noticed a minotaur
    17 | D:1      | Noticed a formicid
    17 | D:1      | Noticed a merfolk
    19 | D:1      | Noticed an ogre
    21 | D:1      | Noticed a naga
    21 | D:1      | Noticed a demigod
    23 | D:1      | Noticed a vine stalker
    23 | D:1      | Noticed a troll
    25 | D:1      | Noticed a human
    25 | D:1      | Noticed an octopode
    27 | D:1      | Noticed a draconian
    27 | D:1      | Noticed a meteoran
    52 | D:1      | Reached skill level 3 in Axes
   130 | D:1      | Mangled by a gnoll

Illustrated notes

Levels and vault maps discovered:
D:1:      kb_arrival_jail, layout_rooms, hangedman_decor_points, minivault_5,
          minmay_misc_feat_diagonals, grunt_decor_junction
D:2:      layout_basic, uniq_natasha

Skill      XL: |  1 |
---------------+----+-----
Axes           | 3 |  3.0
Fighting       | |  2.0
Throwing       | |  1.8
Dodging        | |  2.8

Action                   || total
-------------------------++-------
Melee: War axe           ||    17
       Punch             ||     1
Armor: Leather armour    ||     3
Dodge: Dodged            ||    16

Table legend: (Time is in decaauts)
 A = Elapsed time spent in this place.
 B = Non-inter-level travel time spent in this place.
 C = Inter-level travel time spent in this place.
 D = Time resting spent in this place.
 E = Time spent auto-exploring this place.
 F = Levels seen in this place.
 G = Mean time per level.
                   A        B        C        D        E       F      G
               +--------+--------+--------+--------+--------+-----+--------+
         Total |    135 |    135 |      0 |     49 |     29 |   2 |   67.5 |
       Dungeon |    135 |    135 |      0 |     49 |     29 |   2 |   67.5 |
               +--------+--------+--------+--------+--------+-----+--------+

Top non-repeatable levels by time:
     D:1: 134 daAuts
     D:2: 1 daAuts
